 Dungeon Crawl Stone Soup version 0.28.0-49-g6dfe1f597d (webtiles) character file.

Game seed: 3477164237038863561

22 Peloso the Skirmisher (level 2, 27/27 HPs)
             Began as a Minotaur Fighter on May 17, 2022.
             Got out of the dungeon alive.
             The game lasted 00:01:27 (956 turns).

Peloso the Skirmisher (Minotaur Fighter)             Turns: 956, Time: 00:01:28

Health: 27/27      AC:  9    Str: 18    XL:     2   Next: 68%
Magic:  1/1        EV:  6    Int:  7    God:
Gold:   37         SH:  4    Dex:  9    Spells: 1/1 levels left

rFire   . . .      SeeInvis .   a - +1 long sword
rCold   . . .      Faith    .   c - +0 buckler
rNeg    . . .      Spirit   .   i - +0 chain mail
rPois   .          Reflect  .   (helmet restricted)
rElec   .          Harm     .   (no cloak)
rCorr   .          Rampage  .   (no gloves)
Will    +....                   (no boots)
Stlth   ..........              (no amulet)
HPRegen 0.09/turn               (no ring)
MPRegen 0.07/turn               (no ring)

@: no status effects
A: horns 2, retaliatory headbutt, clever 1, strong-willed 1, weak 1
a: no special abilities


You escaped.
You visited 1 branch of the dungeon, and saw 1 of its levels.

You collected 37 gold pieces.

Inventory:

Hand Weapons
 a - a +1 long sword (weapon)
Armour
 b - a +0 scale mail
 c - a +0 buckler (worn)
 i - a +0 chain mail (worn)
Potions
 d - a potion of might
 e - 2 potions of heal wounds
 g - a potion of curing {unknown}


   Skills:
 + Level 4.1 Fighting
 + Level 2.6 Long Blades
 + Level 4.0 Armour
 + Level 4.0 Shields


You had one spell level left.
You didn't know any spells.
Your spell library contained the following spells:

 Spells                   Type           Power      Damage    Failure   Level
 Dazzling Flash           Conj/Hex       0%         N/A       100%        3
 Iskenderun's Mystic Bla  Conj/Tloc      0%         2d3       100%        4
 Starburst                Conj/Fire      0%         6d3       100%        6


Dungeon Overview and Level Annotations

Branches:
Dungeon (1/15)

Altars:


Innate Abilities, Weirdness & Mutations

You have a pair of horns on your head.
You reflexively headbutt those who attack you in melee.
Your mind is acute. (Int +2)
You are strong-willed. (Will+)
You are weak. (Str -2)


Message History

You see here a hobgoblin corpse.
There is an open door here.
A bat comes into view.
A bat is nearby!
A bat is nearby!
You hit the bat.
You kill the bat!
You open the door.
There is an open door here.
You open the door.
There is an open door here.
There is an escape hatch in the floor here.
Done exploring.
Done exploring.
Done exploring.
Done exploring.
As you read the scroll labelled ENEKKI VOMNOQ, it crumbles to dust.
You feel momentarily disoriented.
It was a scroll of magic mapping.
As you read the scroll labelled ROT PEOJASULI, it crumbles to dust.
Magic quickly surges around you.
It was a scroll of vulnerability.
As you read the scroll labelled LAEN FEMUCAE, it crumbles to dust.
It is a scroll of enchant weapon.
Your +0 long sword glows red for a moment.
You start waiting.
You feel your willpower return.
Done exploring.
It was a potion of heal wounds.
You feel much better.
It was a potion of mutation.
You feel extremely strange.
You feel clever.
You feel weaker.
You feel strong-willed.
(D) Dungeon
Where to? (? - help)
What level of the Dungeon? (default 1, ? - help)
You see here a +0 club.
You open the door.
There is an open door here.
You open the door.
There is an open door here.
There is a staircase leading out of the dungeon here.
Are you sure you want to leave the Dungeon?
This will make you lose the game!
You have escaped!

#.# ### ##. #.# ### ## #.#
######8###### ####### #.#
#...........# #......
#.####........^..# #.#####
######...##...........# #.#
.......####...(....[..# #.# ###
...##..####...........#####.# #..
##.##.....'.....@.....'..##.# #.#
#.#.....##...........##....###.#
##.......##...........#####......
.......####...........# #####.#
######.####...........# #......
#...##...........# #.###.#
##'#########8###### #.# #.#
##...## ######### #.###.#
##.....## #.......# #.#...#


There were no monsters in sight!

Vanquished Creatures
  2 bats (D:1)
  3 endoplasms (D:1)
  A giant cockroach (D:1)
  3 goblins (D:1)
  2 hobgoblins (D:1)
  4 ball pythons (D:1)
  2 kobolds (D:1)
  2 rats (D:1)
19 creatures vanquished.

Notes
Turn   | Place    | Note
-------+----------+-------------------------------------------
     0 | D:1      | Peloso the Minotaur Fighter began the quest for the Orb.
     0 | D:1      | Reached XP level 1. HP: 19/19 MP: 0/0
   241 | D:1      | Reached XP level 2. HP: 27/27 MP: 1/1
   910 | D:1      | Gained mutation: Your mind is acute. (Int +2) [potion of
                  | mutation]
   910 | D:1      | Gained mutation: You are weak. (Str -2) [potion of
                  | mutation]
   910 | D:1      | Gained mutation: You are strong-willed. (Will+) [potion of
                  | mutation]
   956 | D:$      | Got out of the dungeon alive.

Illustrated notes

Levels and vault maps discovered:
D:1:      psy_arrival_statuary, layout_loops_corners, minmay_tripent

Skill      XL: |  1  2 |
---------------+-------+-----
Fighting       | 4 |  4.1
Armour         | 4 |  4.0
Shields        | 4 |  4.0
Long Blades    | |  2.6

Action                   || total
-------------------------++-------
Melee: Long sword        ||    38
       Headbutt          ||     3
  Use: Scroll            ||     3
       Potion            ||     2
Armor: Scale mail        ||    11
       Chain mail        ||     2
Dodge: Dodged            ||    16
Block: Buckler           ||     9
